 Dungeon Crawl Stone Soup version 0.25.0-11-g1f837a76a1 (webtiles) character file.

Game seed: 7508003644323829041

124927 kalagan the Demon Slayer (level 16, -8/100 HPs)
             Began as a Gargoyle Fighter on June 27, 2020.
             Was a High Priest of the Shining One.
             Mangled by a titan zombie (22 damage)
             ... on level 2 of the Abyss.
             The game lasted 01:11:52 (27344 turns).

kalagan the Demon Slayer (Gargoyle Fighter)        Turns: 27344, Time: 01:11:52

Health: -8/100     AC: 36    Str: 30      XL:     16   Next: 94%
Magic:  26/26      EV: 14    Int: 17      God:    the Shining One [*****.]
Gold:   2083       SH:  0    Dex:  8 (9)  Spells: 15/15 levels left

rFire    . . .     SeeInvis .   b - +8 morningstar of Hepliaklqana's Grace {holy, *Noise rPois rC+ Str+2}
rCold    + . .     Gourm    .   c - +5 kite shield
rNeg     + + +     Faith    +   g - +4 scale mail "Idwum" {rCorr Int+6}
rPois    ∞         Spirit   .   (no helmet)
rElec    +         Reflect  .   B - +1 cloak
rCorr    +         Harm     .   z - +1 pair of gloves {Str+3}
MR       +....     Rnd*Tele +   h - +1 pair of boots
Stlth    +.........             C - amulet of faith
HPRegen  0.26/turn              s - ring of stealth
MPRegen  0.20/turn              m - +4 ring of protection

@: confused, about to teleport, flying, glowing
A: big wings, negative energy resistance 1, electricity resistance,
[teleportitis 3], unbreathing, petrification resistance, rot immunity, AC +12
a: Stop Flying, Divine Shield, Cleansing Flame, Summon Divine Warrior, Renounce
Religion


You were on level 2 of the Abyss.
You worshipped the Shining One.
The Shining One was extremely pleased with you.
You were not hungry.

You visited 4 branches of the dungeon, and saw 23 of its levels.
You visited the Abyss 2 times.
You also visited: Sewer and Gauntlet.

You collected 4286 gold pieces.
You spent 2203 gold pieces at shops.

Inventory:

Hand Weapons
 a - a +9 flail of protection
 b - the +8 morningstar of Hepliaklqana's Grace (weapon) {holy, *Noise rPois rC+ Str+2}
   (You found it on level 5 of the Lair of Beasts)

   It has been blessed by the Shining One to cause great damage to the undead
   and demons.
   It affects your strength (+2).
   It protects you from cold.
   It protects you from poison.
   It may make noises in combat.
 l - the +7 quarterstaff of the Chain {vorpal, rF+}
   (You found it on level 2 of the Lair of Beasts)

   It inflicts extra damage upon your enemies.
   It protects you from fire.
Missiles
 E - 108 poisoned darts
 O - 15 curare-tipped darts (quivered)
Armour
 c - a +5 kite shield (worn)
 g - the +4 scale mail "Idwum" (worn) {rCorr Int+6}
   (You found it on level 6 of the Dungeon)

   It affects your intelligence (+6).
   It provides partial protection from all sources of acid and corrosion.
 h - a +1 pair of boots (worn)
 p - a +2 chain mail of magic resistance
 z - a +1 pair of gloves of strength (worn)
 B - a +1 cloak (worn)
 F - a +2 chain mail of cold resistance
 Q - the +6 scale mail "Biluhiw" {rPois rC- Str+3 Dex+4}
   (You found it in a Gauntlet)

   It affects your strength (+3).
   It affects your dexterity (+4).
   It makes you vulnerable to cold.
   It protects you from poison.
Jewellery
 e - the ring "Wusyexzyng" {*Tele rF+ rN++ SInv Stlth-}
   (You found it on level 4 of the Dungeon)

   [ring of teleportation]

   It may teleport you next to monsters.
   It protects you from fire.
   It greatly protects you from negative energy.
   It lets you see invisible.
   It makes you less stealthy.
 m - a +4 ring of protection (right hand)
 s - a ring of stealth (left hand)
 C - an amulet of faith (around neck)
 H - an uncursed amulet of reflection
 K - the ring "Zorevvipp" {rF+ AC-4}
   (You found it in a Gauntlet)

   [ring of protection]

   It affects your AC (-4).
   It protects you from fire.
Wands
 G - a wand of acid (11)
 L - a wand of iceblast (16)
Scrolls
 i - 4 scrolls of fog
 o - 14 scrolls of remove curse
 r - 8 scrolls of teleportation
 v - 4 scrolls of identify
 w - 4 scrolls of fear
 y - 3 scrolls of magic mapping
 J - 2 scrolls of immolation
 P - a scroll of summoning
 S - 3 scrolls of blinking
Potions
 j - 5 potions of heal wounds
 k - a potion of haste
 n - 7 potions of curing
 t - 5 potions of mutation
 u - a potion of resistance
 x - 2 potions of stabbing
 A - a potion of magic
 N - 4 potions of cancellation
Miscellaneous
 d - a phial of floods (inert)
Comestibles
 f - 41 rations


   Skills:
 + Level 11.1 Fighting
 * Level 13.7 Maces & Flails
 - Level 5.0 Throwing
 + Level 11.2 Armour
 * Level 11.6 Dodging
 - Level 5.0 Stealth
 + Level 11.2 Shields
 * Level 14.3 Invocations
 + Level 4.4 Evocations


You had 15 spell levels left.
You didn't know any spells.
Your spell library contained the following spells:

 Spells                   Type           Power        Failure   Level  Hunger
 Animate Skeleton         Necr           N/A          56%         1    ##.....
 Apportation              Tloc           #.....       56%         1    ##.....
 Corona                   Hex            #......      56%         1    ##.....
 Foxfire                  Conj/Fire      #...         56%         1    ##.....
 Sandblast                Erth           #.....       56%         1    ##.....
 Summon Butterflies       Summ           #.......     56%         1    ##.....
 Summon Small Mammal      Summ           #...         56%         1    ##.....
 Call Imp                 Summ           #.......     71%         2    ###....
 Call Canine Familiar     Summ           #.......     90%         3    ####...
 Conjure Flame            Conj/Fire      #.......     90%         3    ####...
 Gell's Gravitas          Tloc           #.........   90%         3    ####...
 Portal Projectile        Hex/Tloc       #.....       90%         3    ####...
 Recall                   Summ/Tloc      N/A          90%         3    ####...
 Spider Form              Tmut/Pois      #.........   90%         3    ####...
 Sticky Flame             Conj/Fire      #.......     100%        4    #####..
 Alistair's Intoxication  Tmut/Pois      #.......     100%        5    ######.
 Aura of Abjuration       Summ           #.........   100%        5    ######.
 Blade Hands              Tmut           #.........   100%        5    ######.
 Fireball                 Conj/Fire      #.........   100%        5    ######.
 Summon Mana Viper        Hex/Summ       #.......     100%        5    ######.
 Yara's Violent Unravell  Hex/Tmut       #.........   100%        5    ######.
 Dispersal                Tloc           #.........   100%        6    #######
 Ring of Flames           Chrm/Fire      #.........   100%        7    #######
 Controlled Blink         Tloc           N/A          100%        8    #######
 Disjunction              Tloc           #.........   100%        8    #######
 Statue Form              Tmut/Erth      Unusable     N/A         6    N/A

Dungeon Overview and Level Annotations

Branches:
Dungeon (12/15)            Temple (0/1) D:7            Lair (6/6) D:9
  Swamp (0/4) Lair:3        Snake (0/4) Lair:4        Slime (0/5) Lair:6
    Orc (2/2) D:12            Elf (3/3) Orc:2         Sewer (visited)
Gauntlet (visited)

Altars:
Dithmenos
Makhleb
Nemelex Xobeh
Sif Muna
Trog
The Shining One

Shops:
D:4 %   D:9 *   D:12 (   Orc:2 [(?(

Annotations:
Lair:2 exclusion: 4 oklob plants
Orc:2 2 runed translucent doors, Majang's ghost, journeyman DsGl
Elf:2 32 runed doors


Innate Abilities, Weirdness & Mutations

You are resistant to torment.
Your stone body is resilient. (AC +12)
You are immune to poison.
Your large and strong wings let you fly indefinitely.
You resist negative energy. (rN+)
You are resistant to electric shocks. (rElec)
You can survive without breathing.
You are immune to petrification.
You are immune to rotting.
[You are often teleported next to monsters.]


Message History

You shrug off the repeated paralysis!
The dire elephant zombie tramples you but does no damage.
The dire elephant zombie trunk-slaps you but does no damage.
The frost giant skeleton hits you but does no damage.
The quasit bites you but does no damage.
The quasit claws you but does no damage.
The quasit completely misses you.
You can move again.
Unknown command.
Unknown command.
Unknown command.
Unknown command.
You're too confused!
Unknown command.
Unknown command.
You feel much better.
A cacophony of accursed wailing tears at your sanity!
* * * LOW HITPOINT WARNING * * *
You shrug off the repeated paralysis!
The titan zombie hits you!!
You die...

...###...###...###
.. .#.....#.....#..
# .. ...............
#................. .
............X......
#... .#...XX#.....#
##... ##XXX###.. ##
#.....#XZX..#.. . .
.......@5G..........
.......ZZ*.........
.......Z.......... .
#.....#.....#.p..
##...###...###...
#.... ....X ... ....
...... #... .....Z


You could see 8 starcursed masses, a wretched star (summoned), a glowing orange
brain, a large abomination, a necromancer (summoned), a quasit (summoned), a
dire elephant zombie (summoned), an ice dragon zombie (summoned), a titan
zombie, a snapping turtle skeleton (summoned) and a frost giant skeleton
(summoned).

Vanquished Creatures
  Rupert (D:12)
  A draconian knight (Abyss:1)
  2 deep elf demonologists
  Azrael (Elf:2)
  7 hydras
  3 two-headed ogres
  A tengu warrior (D:12)
  13 death yaks
  Urug (Orc:1)
  10 dancing weapons
  An orc high priest (Orc:2)
  Sonja (Lair:4)
  11 deep elf knights
  2 wretched stars (Abyss:1)
  A shadow wraith (Abyss:2)
  An unseen horror (D:11)
  2 sixfirhies
  16 deep elf archers
  2 orc knights (Orc:2)
  4 orc sorcerers
  A mana viper (Abyss:2)
  An oklob plant (Gauntlet)
  3 cyclopes
  3 ugly things
  A worldbinder (Abyss:2)
  34 deep elf magi
  19 elephants
  2 orange demons (Abyss:1)
  6 black mambas
  A torpor snail (Gauntlet)
  The ghost of Peloso the Slasher, a novice MiFi of Okawaru (D:6)
  A smoke demon (Abyss:2)
  Psyche (D:12)
  A gargoyle (D:12)
  13 spiny frogs
  A rime drake (Lair:1)
  A minotaur zombie (Gauntlet)
  An efreet (Abyss:2)
  8 komodo dragons
  A komodo dragon (shapeshifter) (Abyss:1)
  2 ancient zymes
  A tormentor (Abyss:1)
  2 trolls
  A polar bear (Lair:6)
  Prince Ribbit (D:5)
  13 blink frogs
  7 hippogriffs
  2 raiju (Abyss:2)
  3 air elementals
  2 shadows (D:11)
  2 ynoxinuls
  8 small abominations
  4 wyverns
  52 yaks
  7 fire elementals (Elf:2)
  A wraith (Abyss:2)
  A hungry ghost (D:11)
  A steam dragon (D:8)
  3 chaos spawn
  8 wargs
  3 nagas (Lair:4)
  A soldier ant (D:12)
  A hell hound (Elf:2)
  14 water moccasins
  An acid dragon (Gauntlet)
  5 insubstantial wisps (Lair:3)
  A large abomination (Abyss:2)
  7 porcupines
  17 orc warriors
  5 sky beasts
  4 black bears
  4 ice beasts
  A necrophage (D:9)
  9 ogres
  39 wolves
  2 centaurs
  10 crocodiles
  4 big kobolds
  9 bullfrogs
  2 earth elementals (Elf:2)
  2 scorpions
  11 killer bees
  4 wights (D:8)
  3 howler monkeys (D:12)
  A bullfrog zombie (D:5)
  3 starcursed masses (Abyss:1)
  8 hounds
  3 quasits
  2 centaur zombies
  2 bullfrog skeletons
  2 jellies
  2 centaur skeletons
  16 orc priests
  14 orc wizards
  An iron imp (Abyss:2)
  Terence (D:3)
  2 iguanas
  2 worker ants
  A killer bee zombie (D:9)
  A hound zombie (D:6)
  A worker ant zombie (D:7)
  3 gnolls (D:3)
  8 adders
  A howler monkey skeleton (D:4)
  2 shadow imps
  An ufetubus (Abyss:1)
  2 oozes
  2 adder zombies
  An adder skeleton (D:4)
  4 worms
  3 dart slugs
  5 leopard geckos
  53 orcs
  7 ball pythons
  7 bats
  3 giant cockroaches
  6 goblins
  7 hobgoblins
  2 jackals (D:1)
  25 kobolds
  6 quokkas
  5 frilled lizards
  3 leopard gecko skeletons
  A leopard gecko zombie (D:6)
  2 quokka zombies
  8 rats
  A lurking horror (Abyss:1)
  A plant (Lair:2)
692 creatures vanquished.

Vanquished Creatures (collateral kills)
  A deep elf sorcerer (Elf:1)
  A minotaur (Gauntlet)
  A hydra (Lair:6)
  A catoblepas (Lair:6)
  A deep troll shaman (Lair:6)
  2 death yaks (Lair:6)
  2 orc high priests (Orc:2)
  A deep elf knight (Elf:1)
  A deep elf archer (Elf:1)
  2 orc knights (Orc:2)
  2 large abominations (Gauntlet)
  15 deep elf magi (Elf:1)
  An orc sorcerer (Orc:2)
  An elephant (Lair:6)
  A minotaur zombie (Gauntlet)
  A water elemental (Elf:1)
  A fire elemental (Elf:1)
  An orc warrior (Orc:2)
  3 small abominations (Gauntlet)
  An orc priest (Orc:2)
40 creatures vanquished.

Vanquished Creatures (others)
  An orc wizard (Orc:2)
  17 fungi
  2 lurking horrors (Abyss:2)
  6 plants
  5 starspawn tentacles (Abyss:1)
31 creatures vanquished.

Grand Total: 763 creatures vanquished

Notes
Turn   | Place    | Note
-------+----------+-------------------------------------------
     0 | D:1      | kalagan the Gargoyle Fighter began the quest for the Orb.
     0 | D:1      | Reached XP level 1. HP: 14/14 MP: 1/1
   151 | D:1      | Reached XP level 2. HP: 19/19 MP: 2/2
   507 | D:1      | Reached XP level 3. HP: 23/23 MP: 3/3
   829 | D:2      | Reached skill level 1 in Dodging
  1410 | D:2      | Reached XP level 4. HP: 26/28 MP: 4/4
  1722 | D:2      | Reached skill level 1 in Throwing
  2006 | D:3      | Reached XP level 5. HP: 33/33 MP: 5/5
  2086 | D:3      | Found a faded altar of an unknown god.
  2264 | D:3      | Noticed Terence
  2271 | D:3      | Killed Terence
  2393 | D:3      | Reached XP level 6. HP: 20/38 MP: 6/6
  2615 | D:3      | Found a glowing golden altar of the Shining One.
  2635 | D:3      | Became a worshipper of the Shining One
  3061 | D:4      | Got a faintly glowing copper ring
  3062 | D:4      | Identified the ring "Wusyexzyng" {*Tele rF+ rN++ SInv
                  | Stlth-} (You found it on level 4 of the Dungeon)
  3090 | D:4      | Found a glowing drain.
  3140 | Sewer    | Entered a sewer
  3169 | Sewer    | Reached skill level 1 in Invocations
  3465 | Sewer    | Reached XP level 7. HP: 43/43 MP: 8/8
  3628 | D:4      | Found Ucieph's Food Boutique.
  3670 | D:4      | Reached * piety under the Shining One
  3887 | D:5      | Entered Level 5 of the Dungeon
  3903 | D:5      | Reached skill level 2 in Invocations
  3954 | D:5      | Found a bloodstained altar of Trog.
  4024 | D:5      | Found a shadowy altar of Dithmenos.
  4286 | D:5      | Noticed Prince Ribbit
  4306 | D:5      | Killed Prince Ribbit
  4306 | D:5      | Reached skill level 3 in Invocations
  4306 | D:5      | Reached XP level 8. HP: 33/48 MP: 8/10
  4801 | D:6      | Reached skill level 5 in Maces & Flails
  5160 | D:6      | Got an encrusted scale mail
  5171 | D:6      | Identified the +4 scale mail "Idwum" {rCorr Int+6} (You
                  | found it on level 6 of the Dungeon)
  5324 | D:6      | Found a large runed translucent door.
  5324 | D:6      | Found a large runed translucent door.
  5328 | D:6      | Noticed Peloso's ghost (novice MiFi)
  5464 | D:7      | Reached ** piety under the Shining One
  5470 | D:7      | Reached skill level 5 in Shields
  5546 | D:7      | Reached skill level 4 in Invocations
  5622 | D:7      | Found a staircase to the Ecumenical Temple.
  5647 | D:7      | Reached skill level 5 in Fighting
  5647 | D:7      | Reached skill level 5 in Armour
  6222 | D:8      | Reached XP level 9. HP: 51/54 MP: 12/12
  7035 | D:9      | Found a staircase to the Lair.
  7086 | D:9      | Reached skill level 5 in Invocations
  7459 | D:9      | Noticed a troll
  7470 | D:9      | Killed a troll
  7499 | D:9      | Reached skill level 5 in Dodging
  7625 | D:9      | Found Gaohimink's General Store.
  7732 | D:9      | Bought a scroll of enchant armour for 105 gold pieces
  7732 | D:9      | Bought a scroll of enchant armour for 105 gold pieces
  7732 | D:9      | Bought a potion of heal wounds for 70 gold pieces
  7732 | D:9      | Bought a scroll of enchant weapon for 105 gold pieces
  7732 | D:9      | Bought a potion of curing for 42 gold pieces
  7839 | D:9      | Reached skill level 6 in Invocations
  7839 | D:9      | Reached XP level 10. HP: 60/60 MP: 14/14
  7873 | D:9      | Noticed a death yak
  7873 | D:9      | Noticed a death yak
  7874 | D:9      | Noticed a death yak
  7874 | D:9      | Reached *** piety under the Shining One
  7880 | D:9      | Found a runed translucent door.
  7908 | D:8      | Killed a death yak
  7958 | D:8      | Killed a death yak
  8446 | D:9      | Killed a death yak
  8446 | D:9      | Reached skill level 7 in Invocations
  8503 | D:9      | Found a burning altar of Makhleb.
  8550 | Lair:1   | Entered Level 1 of the Lair of Beasts
  8550 | Lair:1   | Noticed a spiny frog
  8555 | Lair:1   | Killed a spiny frog
  8597 | Lair:1   | Reached XP level 11. HP: 33/66 MP: 16/16
  8992 | Lair:1   | Reached skill level 1 in Stealth
  8992 | Lair:1   | Reached skill level 8 in Invocations
  9786 | Lair:1   | Noticed an eight-headed hydra
  9794 | Lair:1   | Killed an eight-headed hydra
 10085 | Lair:2   | Reached skill level 9 in Invocations
 10094 | Lair:2   | Reached XP level 12. HP: 50/72 MP: 18/18
 10409 | Lair:2   | Got a shimmering quarterstaff
 10550 | Lair:2   | Noticed a six-headed hydra
 10557 | Lair:2   | Killed a six-headed hydra
 10816 | Lair:2   | Reached **** piety under the Shining One
 11520 | Lair:3   | Noticed a four-headed hydra
 11530 | Lair:3   | Killed a four-headed hydra
 11641 | Lair:3   | Reached skill level 10 in Maces & Flails
 11641 | Lair:3   | Reached skill level 10 in Invocations
 11813 | Lair:3   | Found a staircase to the Swamp.
 12373 | Lair:4   | Reached skill level 5 in Stealth
 12373 | Lair:4   | Reached XP level 13. HP: 72/79 MP: 20/20
 12579 | Lair:4   | Found a staircase to the Snake Pit.
 12747 | Lair:4   | Noticed Sonja
 12775 | Lair:4   | Cast into level 1 of the Abyss (Sonja)
 12815 | Abyss:1  | Noticed a starcursed mass
 12828 | Abyss:1  | Identified the +7 quarterstaff of the Chain {vorpal, rF+}
                  | (You found it on level 2 of the Lair of Beasts)
 13031 | Abyss:1  | Noticed a rakshasa
 13080 | Abyss:1  | Noticed a bone dragon
 13082 | Abyss:1  | Noticed an Executioner
 13252 | Abyss:1  | Noticed a yellow draconian monk
 13275 | Abyss:1  | Noticed a balrug
 13282 | Abyss:1  | Noticed a tentacled starspawn
 13285 | Abyss:1  | Noticed a daeva
 13291 | Abyss:1  | Noticed a purple draconian
 13312 | Abyss:1  | Noticed a white draconian knight
 13344 | Abyss:1  | Killed a white draconian knight
 13537 | Abyss:1  | Noticed a tentacled starspawn
 13549 | Abyss:1  | Noticed a revenant
 13760 | Abyss:1  | Noticed a tentacled starspawn
 13765 | Abyss:2  | Found a corrupted altar of Lugonu.
 13955 | Abyss:2  | Reached ***** piety under the Shining One
 13987 | Abyss:2  | Found a corrupted altar of Lugonu.
 14007 | Abyss:2  | Reached skill level 11 in Invocations
 14300 | Lair:4   | Escaped the Abyss
 14314 | Lair:4   | Killed Sonja
 14802 | Lair:5   | Got a slimy morningstar
 14845 | Lair:5   | Found a gate leading to a gauntlet.
 14854 | Gauntlet | Entered a Gauntlet
 14854 | Gauntlet | Found a transporter.
 14854 | Gauntlet | Found a transporter.
 14854 | Gauntlet | Found a transporter.
 14854 | Gauntlet | Found a transporter.
 14858 | Gauntlet | Found a transporter.
 14858 | Gauntlet | Found a transporter.
 14871 | Gauntlet | Found a transporter.
 14874 | Gauntlet | Found a transporter.
 14874 | Gauntlet | Found a transporter.
 14874 | Gauntlet | Found a transporter.
 14876 | Gauntlet | Found a large runed translucent door.
 14877 | Gauntlet | Found a large runed translucent door.
 14878 | Gauntlet | Found a large runed translucent door.
 14878 | Gauntlet | Found a large runed translucent door.
 14878 | Gauntlet | Found a runed translucent door.
 14878 | Gauntlet | Found a runed translucent door.
 14881 | Gauntlet | Found a large runed translucent door.
 14881 | Gauntlet | Found a large runed translucent door.
 14881 | Gauntlet | Found a large runed translucent door.
 14881 | Gauntlet | Found a large runed translucent door.
 14882 | Gauntlet | Found a large runed translucent door.
 14883 | Gauntlet | Found a large runed translucent door.
 14954 | Gauntlet | Found a transporter.
 14971 | Gauntlet | Found a large runed translucent door.
 14972 | Gauntlet | Found a large runed translucent door.
 14973 | Gauntlet | Found a large runed translucent door.
 14975 | Gauntlet | Found a runed translucent gate.
 14976 | Gauntlet | Found a transporter.
 14976 | Gauntlet | Found a runed translucent gate.
 14977 | Gauntlet | Found a runed translucent gate.
 14978 | Gauntlet | Found a large runed translucent door.
 14979 | Gauntlet | Found a large runed translucent door.
 14980 | Gauntlet | Found a large runed translucent door.
 15168 | Gauntlet | Got a slimy wooden ring
 15171 | Gauntlet | Identified the cursed ring "Zorevvipp" {rF+ AC-4} (You
                  | found it in a Gauntlet)
 15180 | Gauntlet | Identified Cotoi's Catalogue of Morality
 15231 | Gauntlet | Noticed a minotaur
 15241 | Gauntlet | Killed a minotaur
 15241 | Gauntlet | Gained mutation: Your large and strong wings let you fly
                  | indefinitely. [Gargoyle growth]
 15241 | Gauntlet | Reached XP level 14. HP: 40/86 MP: 22/22
 15453 | Gauntlet | Got a shimmering scale mail
 15466 | Gauntlet | Identified the +6 scale mail "Biluhiw" {rPois rC- Str+3
                  | Dex+4} (You found it in a Gauntlet)
 16220 | Lair:5   | Reached skill level 12 in Invocations
 16871 | Lair:6   | Entered Level 6 of the Lair of Beasts
 17212 | Lair:6   | Reached skill level 10 in Dodging
 17319 | Lair:6   | Found a staircase to the Slime Pits.
 17631 | Lair:6   | Reached skill level 10 in Armour
 17694 | Lair:6   | Identified the +8 morningstar of Hepliaklqana's Grace
                  | {holy, *Noise rPois rC+ Str+2} (You found it on level 5 of
                  | the Lair of Beasts)
 17740 | Lair:6   | Reached skill level 10 in Fighting
 17814 | Lair:6   | Reached skill level 10 in Shields
 17976 | Lair:6   | Identified Dufrisec's Sophisticated Sorcery
 17987 | Lair:6   | Got a translucent long sword
 18497 | D:9      | Reached XP level 15. HP: 92/92 MP: 24/24
 18691 | D:6      | Killed Peloso's ghost
 18856 | D:10     | Entered Level 10 of the Dungeon
 18878 | D:10     | Reached skill level 1 in Evocations
 18905 | D:10     | Identified the Catalogue of Changing
 19515 | D:10     | Got a shimmering ring mail
 19526 | D:10     | Identified the +1 ring mail "Diuschoum" {Dex+7} (You found
                  | it on level 10 of the Dungeon)
 19632 | D:11     | Found a sparkling altar of Nemelex Xobeh.
 19739 | D:11     | Reached ****** piety under the Shining One
 20202 | D:12     | Noticed Rupert
 20232 | D:12     | Killed Rupert
 20305 | D:12     | Identified the +6 long sword of Doom {freeze, rElec rF-
                  | Dex+9} (You found it on level 6 of the Lair of Beasts)
 20567 | D:12     | Noticed a tengu reaver
 20644 | D:12     | Found a staircase to the Orcish Mines.
 20645 | D:12     | Found Peuniupe's Weapon Emporium.
 20708 | D:12     | Reached skill level 13 in Invocations
 20849 | D:12     | Noticed Psyche
 20854 | D:12     | Killed Psyche
 21196 | Orc:1    | Entered Level 1 of the Orcish Mines
 21245 | Orc:1    | Noticed Urug
 21262 | Orc:1    | Killed Urug
 21296 | Orc:2    | Entered Level 2 of the Orcish Mines
 21487 | Orc:2    | Found a large runed translucent door.
 21535 | Orc:2    | Found a large runed translucent door.
 21536 | Orc:2    | Noticed Majang's ghost (journeyman DsGl)
 21960 | Orc:2    | Paralysed by an orc sorcerer for 7 turns
 21985 | Orc:2    | Found Xituun Peer's Armour Shop.
 21985 | Orc:2    | Found Imaury's Antique Weapon Shoppe.
 22095 | Orc:2    | Found Kaxy's Magic Scroll Shop.
 22095 | Orc:2    | Found Luyd's Antique Weapon Shoppe.
 22109 | Orc:2    | Bought a scroll of acquirement for 832 gold pieces
 22109 | Orc:2    | Bought a scroll of identify for 32 gold pieces
 22109 | Orc:2    | Bought a scroll of identify for 32 gold pieces
 22109 | Orc:2    | Bought a scroll of teleportation for 48 gold pieces
 22115 | Orc:2    | Bought a scroll of acquirement for 832 gold pieces
 22190 | Orc:2    | Found a staircase to the Elven Halls.
 22950 | Orc:1    | Found a shimmering blue altar of Sif Muna.
 22969 | Orc:1    | Identified Sif Muna's Reference Book on Clay
 23046 | Elf:1    | Entered Level 1 of the Elven Halls
 23259 | Elf:1    | Reached XP level 16. HP: 98/99 MP: 26/26
 23421 | Elf:1    | Identified the Handbook of Companions
 24135 | Elf:1    | Got a transparent ring mail
 24146 | Elf:1    | Identified the +1 ring mail of Haof Obu {rC+} (You found it
                  | on level 1 of the Elven Halls)
 24539 | Elf:2    | Found a huge runed gate.
 24539 | Elf:2    | Found a huge runed gate.
 24539 | Elf:2    | Found a huge runed gate.
 24540 | Elf:2    | Found a huge runed gate.
 24560 | Elf:2    | Found a huge runed gate.
 24561 | Elf:2    | Found a huge runed gate.
 24581 | Elf:2    | Found a huge runed gate.
 24581 | Elf:2    | Found a huge runed gate.
 24581 | Elf:2    | Found a huge runed gate.
 24581 | Elf:2    | Found a huge runed gate.
 24582 | Elf:2    | Found a huge runed gate.
 24585 | Elf:2    | Found a huge runed gate.
 24585 | Elf:2    | Found a huge runed gate.
 24595 | Elf:2    | Found a huge runed gate.
 24595 | Elf:2    | Found a huge runed gate.
 24595 | Elf:2    | Found a huge runed gate.
 24916 | Elf:2    | Noticed Azrael
 24954 | Elf:2    | Killed Azrael
 25184 | Elf:2    | Reached skill level 5 in Throwing
 25241 | Elf:2    | Found a huge runed gate.
 25241 | Elf:2    | Found a huge runed gate.
 25242 | Elf:2    | Found a huge runed gate.
 25243 | Elf:2    | Found a huge runed gate.
 25244 | Elf:2    | Found a huge runed gate.
 25245 | Elf:2    | Found a huge runed gate.
 25245 | Elf:2    | Found a huge runed gate.
 25255 | Elf:2    | Found a huge runed gate.
 25261 | Elf:2    | Found a huge runed gate.
 25261 | Elf:2    | Found a huge runed gate.
 25262 | Elf:2    | Found a huge runed gate.
 25262 | Elf:2    | Found a huge runed gate.
 25262 | Elf:2    | Found a huge runed gate.
 25263 | Elf:2    | Found a huge runed gate.
 25263 | Elf:2    | Found a huge runed gate.
 25525 | Elf:2    | Found a huge runed gate.
 25600 | Elf:2    | Found a runed translucent gate.
 25600 | Elf:2    | Found a runed translucent gate.
 25600 | Elf:2    | Found a runed translucent gate.
 25765 | Elf:2    | Found a huge runed gate.
 25833 | Elf:3    | Entered Level 3 of the Elven Halls
 25935 | Elf:3    | Reached skill level 14 in Invocations
 26854 | Elf:3    | Noticed an Ice Fiend
 27206 | Elf:3    | Cast into level 2 of the Abyss (a deep elf sorcerer)
 27244 | Abyss:2  | Noticed a lich
 27331 | Abyss:2  | Paralysed by accursed screaming for 1 turns
 27342 | Abyss:2  | Paralysed by accursed screaming for 2 turns
 27343 | Abyss:2  | HP: 4/100 [starcursed mass/accursed screaming (9)]
 27344 | Abyss:2  | Mangled by a titan zombie

Illustrated notes

Levels and vault maps discovered:
D:1:      lightli_molten_gateway, layout_loops_ring
D:2:      layout_basic, first_ration
D:3:      layout_basic, lemuel_doored_altar, chequers_ecumenical_altar_island,
          chequers_serial_rivers_large_a, uniq_terence
D:4:      layout_rooms, cheibrodos_sewer_entry_bend, serial_shops,
          nicolae_shop_temple_entry_statues_fountains
D:5:      layout_rooms, basic_altar, grunt_dithmenos_shadows,
          uniq_prince_ribbit1
D:6:      layout_loops_ring, ebering_ghost_disaster_area
D:7:      layout_loops_corners, minmay_temple_entry_hall, corner_web_ring,
          grunt_ogre_cave
D:8:      layout_gridville
D:9:      layout_basic, lightli_temple_of_fire, dpeg_lair_monsters,
          serial_shops, shop, minmay_st_funbox
D:10:     layout_cave_pools
D:11:     layout_rooms, basic_altar
D:12:     layout_loops_cross, orc_david_3, onia_ninara_dug_in_and_dangerous,
          uniq_rupert, uniq_psyche
Lair:1:   layout_roguey, grunt_megastairs_4
Lair:2:   layout_gridlike, infiniplex_staircase_pool, minmay_lair_oklob_chamber
Lair:3:   layout_regular_city, minmay_swamp_entry_wisps,
          grunt_forest_stairs_basic, grunt_megastairs_2
Lair:4:   layout_regular_city, guppyfry_snake_entry_garden,
          chequers_serial_rivers_small_a, uniq_sonja
Lair:5:   layout_small_grid, gauntlet_entry_generic
Lair:6:   grunt_lair_end_beastmaster, layout_loops_ring, slime_dummy,
          chequers_serial_rivers_micro_d
Orc:1:    cheibrodos_orc_guarddog, layout_diamond_mine, led_sif_book, uniq_urug
Orc:2:    grunt_orc_tribal_feast, layout_caves, ebering_ghost_disaster_area
Elf:1:    layout_gridlike, minmay_elf_demonology
Elf:2:    layout_onion_city, gammafunk_ghost_door_vault, uniq_azrael
Elf:3:    minmay_elf_hall_x, layout_geoelf_octagon
Abyss:2:  base: D:11, evilmike_abyss_exit_13, base: Snake:1,
          lemuel_flamethrower_2

Skill      XL: |  1  2  3  4  5  6  7  8  9 10 11 12 13 14 15 16 |
---------------+-------------------------------------------------+-----
Dodging        | 1 2 3 4 5 6 7 8 9 10 11 | 11.6
Throwing       | 1 2 3 4 5 |  5.0
Maces & Flails | 3 4 5 6 8 9 10 11 12 13 | 13.7
Fighting       | 4 5 6 7 8 9 10 11 | 11.1
Armour         | 4 5 6 7 8 9 10 11 | 11.2
Shields        | 4 5 6 7 8 9 10 11 | 11.2
Invocations    | 1 3 4 6 7 9 10 11 12 13 14 | 14.3
Stealth        | 3 5 |  5.0
Evocations     | 3 4 |  4.4

Action                   |  1- 3 |  4- 6 |  7- 9 | 10-12 | 13-15 | 16-18 || total
-------------------------+-------+-------+-------+-------+-------+-------++-------
Melee: Flail             |    97 |       |    86 |   556 |  1467 |   458 ||  2664
       Mace              |    24 |   208 |   211 |       |       |       ||   443
       Whip              |       |    51 |       |       |       |       ||    51
       Morningstar       |       |       |       |       |    62 |     6 ||    68
Throw: Dart              |       |       |     5 |     5 |     3 |    10 ||    23
Invok: Cleansing Flame   |       |       |       |       |    10 |     7 ||    17
       Summon Divine War |       |       |       |       |     5 |     2 ||     7
       Divine Shield     |       |       |       |       |     3 |       ||     3
 Abil: Fly               |       |       |       |       |     1 |       ||     1
Evoke: Wand              |       |       |       |       |    10 |     2 ||    12
       Phial of floods   |       |       |       |       |     1 |     1 ||     2
  Use: Scroll            |     5 |     2 |    10 |     8 |    26 |     3 ||    54
       Potion            |       |       |       |     2 |    17 |     7 ||    26
  Eat: Chunk             |     2 |     7 |    11 |    13 |    29 |    14 ||    76
       Ration            |       |       |     1 |     1 |     3 |     1 ||     6
Armor: Scale mail        |    38 |    70 |   162 |   259 |   527 |   197 ||  1253
       Chain mail        |    42 |    96 |       |       |    14 |    19 ||   171
Dodge: Dodged            |    34 |    84 |   115 |   233 |   427 |   195 ||  1088
Block: Kite shield       |    73 |   149 |   180 |   605 |  1552 |   336 ||  2895
       Reflection        |       |       |       |     1 |    20 |     4 ||    25
